 Dungeon Crawl Stone Soup version 0.21-a0 (webtiles) character file.

77 Lexie the Magician (level 4, 0/27 HPs)
             Began as an Octopode Wizard on May 19, 2017.
             Slain by a water moccasin (3 damage)
             ... on level 2 of the Dungeon.
             The game lasted 00:04:51 (2907 turns).

Lexie the Magician (Octopode Wizard)                Turns: 2907, Time: 00:04:51

Health: 0/27       AC:  1    Str:  6    XL:     4   Next: 34%
Magic:  1/9        EV: 13    Int: 21    God:
Gold:   92         SH:  0    Dex: 10    Spells: 4/10 levels left

rFire    + . .     SeeInvis .   o - +0 dagger (flame)
rCold    + . .     Gourm    .   (no shield)
rNeg     . . .     Faith    .   a - +0 hat
rPois    +         Spirit   .   h - amulet of regeneration
rElec    +         Reflect  .   p - ring of resist corrosion
rCorr    +         Harm     .   r - ring of stealth
MR       .....                  (no ring)
Stlth    ++++......             (no ring)
Regen    0.5/turn               (no ring)
MPRegen  0.2/turn               (no ring)
                                (no ring)
                                (no ring)

@: lethally poisoned (0 -> -13), resistant
A: almost no armour, stealthy swim, amphibious, 8 rings, constrict 8, camouflage
1, gelatinous body 1
a: no special abilities


You were on level 2 of the Dungeon.
You were not hungry.

You visited 1 branch of the dungeon, and saw 3 of its levels.

You collected 92 gold pieces.

Inventory:

Hand Weapons
 o - a +0 dagger of flaming (weapon)
Armour
 a - a +0 hat (worn)
Jewellery
 h - an amulet of regeneration (around mantle)
 p - a ring of resist corrosion (left tentacle)
 r - a ring of stealth (right tentacle)
Scrolls
 d - 2 scrolls of fear {unknown}
 e - 3 scrolls of enchant armour {unknown}
 g - 2 scrolls of recharging {unknown}
 i - a scroll of teleportation {unknown}
 k - a scroll of noise {unknown}
 m - a scroll of immolation {unknown}
 n - a scroll of enchant weapon {unknown}
 q - a scroll of remove curse {unknown}
Books
 b - a book of Minor Magic

   Spells                             Type                      Level
   a - Magic Dart                     Conjuration                  1
   b - Blink                          Translocation                2
   c - Call Imp                       Summoning                    2
   d - Slow                           Hexes                        2
   e - Conjure Flame                  Conjuration/Fire             3
   f - Mephitic Cloud                 Conjuration/Poison/Air       3
Comestibles
 c - 2 bread rations
 f - 3 meat rations
 l - 6 fruits


   Skills:
 - Level 2.0 Dodging
 - Level 2.6 Stealth
 + Level 3.9 Spellcasting
 + Level 3.0 Conjurations
   Level 1.0 Summonings
 - Level 1.0 Translocations


You had 4 spell levels left.
You knew the following spells:

 Your Spells              Type           Power        Failure   Level  Hunger
a - Magic Dart            Conj           ###.         3%          1    None
b - Blink                 Tloc           N/A          12%         2    #......
c - Conjure Flame         Conj/Fire      ##......     21%         3    ###....


Dungeon Overview and Level Annotations

Branches:
Dungeon (3/15)

Altars:


Innate Abilities, Weirdness & Mutations

You cannot wear most types of armour.
You are very stealthy in the water. (Stealth+)
You are amphibious.
You can wear up to eight rings at the same time.
You can use your tentacles to constrict eight enemies at once.
Your skin changes colour to match your surroundings (Stealth+).
Your rubbery body absorbs attacks. (AC +1, EV +1)


Message History

You are more poisoned.
The water moccasin poisons you!
Casting: Blink
Confirm with . or Enter, or press ? or * to list all spells.
You blink.
You feel sick.
You feel sick. The water moccasin bites you.
Casting: Blink
Confirm with . or Enter, or press ? or * to list all spells.
You don't have enough magic to cast that spell.
You feel sick.
You feel sick.
You feel sick. The water moccasin bites you.
* * * LOW HITPOINT WARNING * * *
You are more poisoned.
The water moccasin poisons you!
It was a potion of resistance.
You feel protected.
* * * LOW HITPOINT WARNING * * *
You feel sick. The water moccasin bites you.
You die...

######## #####.# #.#
##......####.....####.#
.+......).....>.......#
#.......####.##..####.#
........#....##..# #.#
#..)....##.#.##..# #.#
##......##.#.##..# #.#
###..........##.S# #.#
.##..##.##.####.@# ###
..#..(...........#
).#......#.##....#
.##......#.##.#.##
.##......+....#.#
.........#.##.#.#
#..#.....#.##.#.#
##.........##.#.#
#..###.......#.#


You could see a water moccasin.

Vanquished Creatures
  A gnoll (D:2)
  3 worms
  A dart slug (D:2)
  3 leopard geckos
  An orc (D:1)
  2 ball pythons (D:2)
  6 bats
  A giant cockroach (D:2)
  7 goblins
  3 hobgoblins
  5 jackals
  8 kobolds
  A quokka (D:2)
  3 frilled lizards
  5 rats
50 creatures vanquished.

Notes
Turn   | Place    | Note
-------+----------+-------------------------------------------
     0 | D:1      | Lexie the Octopode Wizard began the quest for the Orb.
     0 | D:1      | Reached XP level 1. HP: 11/11 MP: 4/4
   410 | D:1      | Reached XP level 2. HP: 17/17 MP: 3/6
   761 | D:2      | Found a faded altar of an unknown god.
  1043 | D:2      | Reached XP level 3. HP: 13/21 MP: 4/7
  1061 | D:2      | Learned a level 2 spell: Blink
  1065 | D:2      | Learned a level 3 spell: Conjure Flame
  2166 | D:1      | Reached XP level 4. HP: 23/27 MP: 6/9
  2894 | D:3      | Noticed a water moccasin
  2907 | D:2      | Slain by a water moccasin

Vault maps used:
D:1:      minmay_arrival_plants_in_alcoves
D:2:      chequers_ecumenical_altar_simple_redux, minmay_cupped
D:3:      overflow_temple_1_default

Skill      XL: |  1  2  3  4 |
---------------+-------------+-----
Conjurations   | 2 3 |  3.0
Dodging        | |  2.0
Stealth        | |  2.6
Spellcasting   | |  3.9
Summonings     | |  1.0
Translocations | |  1.0

Action                   |  1- 3 |  4- 6 || total
-------------------------+-------+-------++-------
Melee: Unarmed           |    23 |       ||    23
       Constrict         |     8 |       ||     8
       Tentacles         |     2 |       ||     2
       Dagger            |     2 |       ||     2
 Cast: Magic Dart        |    91 |    35 ||   126
       Conjure Flame     |     1 |     1 ||     2
       Blink             |       |     2 ||     2
  Use: Potion            |       |     1 ||     1
  Eat: Chunk             |     3 |     3 ||     6
Armor: Skin              |     7 |     1 ||     8
Dodge: Dodged            |    28 |     1 ||    29
